 Dungeon Crawl Stone Soup version 0.32-a0-711-g016ad743e0 (webtiles) character file.

Game seed: 13779442613610273822

24 Xavori the Trooper (level 3, 30/30 HPs)
             Began as a Djinni Chaos Knight on Mar 16, 2024.
             Was a Plaything of Xom.
             Quit the game on level 1 of the Dungeon.
             The game lasted 00:00:48 (10065 turns).

Xavori the Trooper (Djinni Chaos Knight)           Turns: 10065, Time: 00:00:49

Health: 30/30      AC:  5    Str: 11    XL:     3   Next: 15%
Gold:   29         EV: 26    Int: 13    God:    Xom [...*..] SH:  0 Dex: 14

rFire   + . .        a - +1 falchion (chaos)
rCold   . . .        (no shield)
rNeg    . . .        b - +2 leather armour
rPois   ∞            (helmet restricted)
rElec   .            (no cloak)
rCorr   .            (no gloves)
SInv    .            (boots unavailable)
Will    .....        f - amulet of the acrobat
Stlth   +            g - ring of ice
HPRegen 0.25/turn    (no ring)
MPRegen 0.00/turn

%: acrobat
@: acrobatic, flying
A: sickness immunity, fire resistance 2, cold vulnerability 1, float, innate
caster, HP casting, extra vitality 1, horns 1, inability to read after injury 1
a: Renounce Religion


You were on level 1 of the Dungeon.
You worshipped Xom.
You were a favourite toy of Xom.
You visited 1 branch of the dungeon, and saw 2 of its levels.

You collected 29 gold pieces.

Inventory:

Hand Weapons
 a - a +1 falchion of chaos (weapon)
Armour
 b - a +2 leather armour (worn)
Jewellery
 f - an amulet of the acrobat (around neck)
 g - a ring of ice (left hand)
Scrolls
 c - a scroll of butterflies
 d - 2 scrolls of teleportation {unknown}
 e - 2 scrolls of identify {unknown}
 h - a scroll of immolation {unknown}
 j - a scroll of amnesia {unknown}
 k - a scroll of blinking {unknown}
 l - a scroll of noise {unknown}
 m - a scroll of enchant armour {unknown}
Potions
 i - a potion of lignification {unknown}


   Skills:
 + Level 3.1 Fighting
 + Level 2.8 Long Blades
 + Level 1.3 Armour
 + Level 2.4 Dodging
 * Level 1.0 Spellcasting
 * Level 1.0 Conjurations
 * Level 1.0 Hexes
   Level 0.0 Charms
 * Level 1.0 Summonings
 * Level 1.0 Necromancy
 * Level 1.0 Translocations
   Level 0.0 Transmutations
 * Level 1.0 Fire Magic
 * Level 1.0 Ice Magic
 * Level 1.0 Air Magic
 * Level 1.0 Earth Magic
 * Level 1.0 Alchemy


You knew the following spells:

 Your Spells              Type           Power      Damage    Failure   Level
a - Kiss of Death         Conj/Necr      12%        2d6       24%         1
Your spell library was empty.

Dungeon Overview and Level Annotations

Branches:
Dungeon (2/15)

Altars:


Innate Abilities, Weirdness & Mutations

You are immune to sickness and miasma.
You are immune to poison.
Your flesh is very heat resistant. (rF++)
You are vulnerable to cold. (rC-)
You float through the air rather than walking.
You learn spells naturally, not from books.
Your magical power is your life essence.
You have superior vitality. (+4 MHP)
You have a pair of small horns on your head.
You occasionally lose the ability to read scrolls when taking damage.


Message History

n - a scroll labelled NER VIDOICWE {god gift}
There is a stone staircase leading down here.
You start waiting.
Done waiting.
You start waiting.
You are now a favourite toy of Xom.
As you read the scroll labelled NER VIDOICWE {god gift}, it crumbles to dust.
It is a scroll of enchant weapon.
Your +0 falchion of chaos glows red for a moment.
You start waiting.
Done waiting.
You start waiting.
Xom grants you insight.
You detect nothing.
You start waiting.
Done waiting.
You start waiting.
Done waiting.
You start waiting.
Done waiting.
You start waiting.
Done waiting.
You start waiting.
Done waiting.
You start waiting.
You start waiting.
You start waiting.
You start waiting.
Xom smirks.
You detect nothing.
You start waiting.
You start waiting.
You start waiting.
You start waiting.
You start waiting.
You start waiting. "Where it stops, nobody knows!"
Your surroundings flicker for a moment.
Unknown command.
Are you sure you want to abandon this character and quit the game? (Confirm with "yes".)

##~.#.~..~~~# #.........#
#~.~.~~~.'~## #.##.####.#
##.~#_....'~.# #.##.# #.#
##..#~~~~~'..# #.##.## #.#
##~~#...~~#..# #.##..# #.#
##~##~~~~##..# #.###.# #.#
##.#~~###~~~.# #..##.# #.#
##~~ß~~...~..####...#.###.#
...####~.....'..@.........#
#..~.~.......####...#.#####
#####.......## ##....# #
##.....## ###.## ##...##
#.# ##+## #.# #.# #.# #.#
#.# ##.## #.#


There were no monsters in sight!

Vanquished Creatures
  An adder (D:2)
  3 ball pythons (D:1)
  2 bats (D:1)
  2 endoplasms (D:1)
  A giant cockroach (D:1)
  A goblin (D:1)
  A frilled lizard (D:1)
  3 rats (D:1)
  A spectral goblin (D:1)
15 creatures vanquished.

Notes
Turn   | Place    | Note
-------+----------+-------------------------------------------
     0 | D:1      | Xavori the Djinni Chaos Knight began the quest for the Orb.
     0 | D:1      | Reached XP level 1. HP: 20/20 MP: 0/0
   160 | D:1      | Reached XP level 2. HP: 25/25 MP: 0/0
   329 | D:1      | XOM: noise
   333 | D:1      | Found a faded altar of an unknown god.
   375 | D:1      | XOM: divination: detect creatures
  1413 | D:1      | XOM: noise
  1493 | D:1      | XOM is BORED!
  2481 | D:1      | XOM: give mutations
  2481 | D:1      | Gained mutation: You occasionally lose the ability to read
                  | scrolls when taking damage. [Xom's mischief]
  2481 | D:1      | Gained mutation: You have a pair of small horns on your
                  | head. [Xom's mischief]
  2511 | D:1      | XOM: summons 1 hostile demon
  2818 | D:2      | Reached skill level 1 in Spellcasting
  2818 | D:2      | Reached skill level 1 in Conjurations
  2818 | D:2      | Reached skill level 1 in Hexes
  2818 | D:2      | Reached skill level 1 in Summonings
  2818 | D:2      | Reached skill level 1 in Necromancy
  2818 | D:2      | Reached skill level 1 in Translocations
  2818 | D:2      | Reached skill level 1 in Fire Magic
  2818 | D:2      | Reached skill level 1 in Ice Magic
  2818 | D:2      | Reached skill level 1 in Air Magic
  2818 | D:2      | Reached skill level 1 in Earth Magic
  2818 | D:2      | Reached skill level 1 in Alchemy
  2818 | D:2      | Reached XP level 3. HP: 29/30 MP: 0/0
  2818 | D:2      | Learned a level 1 spell: Kiss of Death
  3332 | D:1      | XOM: silly message
  3409 | D:1      | XOM: silly message
  3962 | D:1      | XOM is BORED!
  3962 | D:1      | XOM: noise
  4558 | D:1      | XOM: noise
  4937 | D:1      | XOM: cloud trail
  5224 | D:1      | XOM is BORED!
  5619 | D:1      | XOM: silly message
  5680 | D:1      | XOM: silly message
  6999 | D:1      | XOM: silly message
  7901 | D:1      | XOM: silly message
  8618 | D:1      | XOM: divination: detect creatures
  8808 | D:1      | XOM: god gift: scroll labelled NER VIDOICWE {god gift}
  9102 | D:1      | XOM: divination: detect creatures
  9735 | D:1      | XOM: divination: detect items
 10064 | D:1      | XOM: 1-stop teleportation journey
 10065 | D:1      | Quit the game

Illustrated notes

Levels and vault maps discovered:
D:1:      tekkud_arrival_beachfront_property, layout_loops_corners,
          dreamdust_ecumenical_altar_drowned_temple
D:2:      layout_rooms, uniq_natasha

Skill      XL: |  1  2 |
---------------+-------+-----
Spellcasting   | 1 |  1.0
Conjurations   | 1 |  1.0
Hexes          | 1 |  1.0
Summonings     | 1 |  1.0
Necromancy     | 1 |  1.0
Translocations | 1 |  1.0
Fire Magic     | 1 |  1.0
Ice Magic      | 1 |  1.0
Air Magic      | 1 |  1.0
Earth Magic    | 1 |  1.0
Alchemy        | 1 |  1.0
Fighting       | |  3.1
Long Blades    | |  2.8
Armour         | |  1.3
Dodging        | |  2.4

Action                     || total
---------------------------++-------
  Melee: Falchion          ||    27
    Use: Scroll            ||     1
 Armour: Leather armour    ||    13
  Dodge: Dodged            ||    15

Table legend: (Time is in decaauts)
 A = Elapsed time spent in this place.
 B = Non-inter-level travel time spent in this place.
 C = Inter-level travel time spent in this place.
 D = Time resting spent in this place.
 E = Time spent auto-exploring this place.
 F = Levels seen in this place.
 G = Mean time per level.
                   A        B        C        D        E       F      G
               +--------+--------+--------+--------+--------+-----+--------+
         Total |  10070 |  10051 |     19 |   9246 |    699 |   2 | 5035.0 |
       Dungeon |  10070 |  10051 |     19 |   9246 |    699 |   2 | 5035.0 |
               +--------+--------+--------+--------+--------+-----+--------+

Top non-repeatable levels by time:
     D:1: 9762 daAuts
     D:2: 308 daAuts
